AoeStats
← 小肥羊

Black Forest

510089570Analyzed
4v4 RM · 4d ago on Sep 29, 2026· 56m 6s· 8 players
Game mode
Random Map
Map size
Large (8 player)
Population
200
Speed
Normal
Resources
Standard
Victory
Conquest
Starting age
Dark Age
Ending age
Imperial Age
RankedLock teamsTeams togetherTeam positionsShared explorationLock speedFull tech treeHidden civsTurbo modeCheats
Victory
Defeat
🇦🇺 Danes · Australia
1400
+12
🇦🇷 Lithuanians · Argentina
1273
+17
🇹🇼 Danes · Taiwan
1249
+18
🇨🇳 Britons · China
1232
+19
🇫🇷 Mongols · France
1362
-19
🇺🇸 Varangians · United States
1312
-17
🇯🇵 Bohemians · Japan
1281
-16
🇨🇳 Khmer · China
1248
-14
alien
11:33 Feudal Age
15:46 Castle Age
13:56 Double-Bit Axe
20:10 Wheelbarrow
19:37 Loom
22:31 Bow Saw
23:49 Fishing Lines
25:03 Hand Cart
29:07 Imperial Age
27:02 Gillnets
29:55 Chemistry
28:37 Pikeman
29:14 Elite Skirmisher
29:48 Fletching
29:59 Padded Archer Armor
31:23 Siege Engineers
31:40 Halberdier
32:42 Bodkin Arrow
33:02 Leather Archer Armor
33:06 Horse Collar
34:32 Two-Man Saw
35:37 Heavy Plow
36:35 Houfnice
37:34 Bracer
38:04 Ring Archer Armor
38:15 Onager
39:33 Caravan
41:21 Hussite Reforms
41:36 Conscription
神采飞扬
1:29 Loom
12:43 Feudal Age
15:56 Castle Age
32:16 Double-Bit Axe
34:22 Horse Collar
46:15 Tusk Swords
46:46 Bloodlines
48:14 Husbandry
SLAMCOW
0:38 Loom
13:47 Feudal Age
14:37 Arson
14:40 Man-at-Arms
16:38 Double-Bit Axe
18:14 Horse Collar
26:30 Castle Age
24:55 Bloodlines
26:33 Gold Mining
28:21 Wheelbarrow
27:58 Bow Saw
28:06 Town Watch
30:47 Hand Cart
31:56 Stone Mining
32:10 Heavy Plow
33:43 Husbandry
33:53 Scale Barding Armor
33:58 Forging
35:57 Stone Shaft Mining
38:38 Fletching
38:48 Scale Mail Armor
38:59 Forging
38:31 Long Swordsman
38:57 Gambesons
39:13 Squires
41:52 Imperial Age
40:25 Chain Mail Armor
41:21 Bodkin Arrow
42:03 Iron Casting
42:00 Elite Varangian Guard
44:29 Crop Rotation
45:27 Caravan
47:01 Blast Furnace
46:31 Plate Mail Armor
46:41 Plate Mail Armor
46:59 Bracer
47:38 Gothikon
48:40 Conscription
47:41 Elite Jarl
49:31 Scale Barding Armor
50:55 Two-Man Saw
NightArea86
6:41 Loom
12:07 Feudal Age
12:59 Fishing Lines
16:54 Castle Age
17:30 Gillnets
17:36 Double-Bit Axe
19:09 Bow Saw
21:54 Town Watch
22:48 Wheelbarrow
24:27 Fletching
26:42 Bodkin Arrow
32:35 Imperial Age
32:37 Gold Mining
32:38 Stone Mining
32:29 Horse Collar
33:00 Forging
32:50 Padded Archer Armor
32:57 Scale Barding Armor
33:25 Bracer
35:03 Chemistry
34:23 Ballistics
36:08 Leather Archer Armor
35:56 Husbandry
36:06 Bloodlines
37:11 Onager
39:22 Conscription
40:33 Siege Onager
43:10 Drill
43:46 Chain Barding Armor
47:37 Light Cavalry
48:54 Iron Casting
48:59 Elite Mangudai
52:16 Hussar
GYLi
4:57 Loom
12:41 Feudal Age
17:03 Castle Age
15:29 Double-Bit Axe
17:01 Fishing Lines
20:48 Bow Saw
21:19 Gillnets
25:56 Horse Collar
28:22 Fletching
31:26 Imperial Age
30:39 Scale Mail Armor
30:49 Forging
32:05 Chain Mail Armor
32:43 Wheelbarrow
31:53 Town Watch
31:46 Onager
31:54 Pikeman
32:35 Squires
32:20 Gambesons
32:59 Gold Mining
32:59 Stone Mining
32:40 Halberdier
33:50 Siege Onager
35:36 Hand Cart
36:14 Plate Mail Armor
36:19 Iron Casting
38:19 Chemistry
37:25 Siege Engineers
40:52 Conscription
44:14 Caravan
45:33 Iron Casting
46:37 Northmen's Fury
49:57 Blast Furnace
52:27 Hoardings
小肥羊
0:35 Loom
12:15 Feudal Age
14:12 Wheelbarrow
17:59 Fletching
17:54 Horse Collar
19:01 Double-Bit Axe
28:13 Castle Age
28:06 Stone Mining
28:00 Fishing Lines
29:46 Hand Cart
29:23 Gillnets
30:03 Heavy Plow
30:16 Bow Saw
38:39 Imperial Age
37:46 Scale Barding Armor
37:51 Forging
38:58 Bloodlines
38:49 Husbandry
38:57 Gold Mining
39:42 Chain Barding Armor
40:01 Iron Casting
39:27 Cavalier
40:30 Conscription
42:00 Plate Barding Armor
41:40 Guilds
41:15 Paladin
42:45 Caravan
43:51 Light Cavalry
45:14 Bodkin Arrow
45:20 Scale Mail Armor
45:45 Winged Hussar
51:25 Bracer
52:05 Ballistics
52:46 Chemistry
51:37 Guard Tower
51:58 Masonry
54:45 Masonry
54:17 Treadmill Crane
56:08 Keep
56:04 Town Watch
57:24 Two-Man Saw
ZombieRabbit
10:13 Loom
12:42 Feudal Age
17:29 Castle Age
15:46 Double-Bit Axe
16:38 Fishing Lines
22:00 Gillnets
23:02 Redemption
24:43 Caravan
25:02 Bow Saw
25:35 Wheelbarrow
26:54 Hand Cart
27:44 Town Watch
32:54 Imperial Age
30:52 Ballistics
30:46 Forging
30:26 Fletching
30:38 Scale Mail Armor
32:05 Squires
31:51 Arson
32:06 Bodkin Arrow
32:47 Iron Casting
33:10 Onager
33:59 Siege Engineers
34:55 Chemistry
34:15 Elite Varangian Guard
39:15 Conscription
38:18 Hamask
39:59 Pikeman
41:51 Chain Mail Armor
42:02 Caravan
41:47 Halberdier
43:06 Man-at-Arms
43:31 Gambesons
44:04 Gold Mining
46:15 Plate Mail Armor
46:56 Blast Furnace
47:45 Elite Skirmisher
49:54 Bracer
49:55 Padded Archer Armor
50:33 Thumb Ring
51:13 Clinker Construction
53:09 Capped Ram
55:29 Masonry
老头
7:46 Loom
10:20 Feudal Age
10:25 Man-at-Arms
11:43 Double-Bit Axe
22:17 Castle Age
20:32 Horse Collar
21:21 Stone Mining
22:26 Gold Mining
24:11 Bow Saw
28:21 Wheelbarrow
34:18 Imperial Age
32:14 Fletching
32:24 Padded Archer Armor
33:07 Bodkin Arrow
34:11 Hand Cart
34:16 Leather Archer Armor
34:46 Ballistics
35:48 Bracer
36:50 Chemistry
36:11 Elite Longbowman
38:02 Ring Archer Armor
38:10 Yeomen
40:30 Warwolf
39:57 Elite Skirmisher
41:01 Heavy Plow
41:48 Siege Engineers
43:13 Caravan
Connection lost

Rejoining the realm…

Still unreachable

The connection could not be restored.

Session expired

The server has moved on; the page needs a fresh start.